 Dungeon Crawl Stone Soup version 0.30-a0-937-ga0a21ad780 (webtiles) character file.

Game seed: 10307829591158333345

1 Hades the Trooper (level 1, 19/19 HPs)
             Began as a Draconian Berserker on Sept 2, 2022.
             Was a Follower of Trog.
             Quit the game on level 1 of the Dungeon on Mar 24, 2023.
             The game lasted 00:01:29 (117 turns).

Hades the Trooper (Draconian Berserker)              Turns: 117, Time: 00:01:30

Health: 19/19      AC:  4    Str: 19    XL:     1   Next: 16%
Magic:  1/1        EV: 12    Int:  7    God:    Trog [*.....]
Gold:   7          SH:  0    Dex: 10    Spells: 0/0 levels left

rFire   . . .      SeeInvis .    a - +0 hand axe
rCold   . . .      Faith    .    (no shield)
rNeg    . . .      Spirit   .    (body armour unavailable)
rPois   .          Reflect  .    (helmet restricted)
rElec   .          Rampage  .    (no cloak)
rCorr   .                        (no gloves)
Will    .....                    (no boots)
Stlth   +                        (no amulet)
HPRegen 0.23/turn                (no ring)
MPRegen 0.07/turn                (no ring)

@: no status effects
A: AC +4, unfitting armour, cold-blooded
a: Renounce Religion, Berserk


You were on level 1 of the Dungeon.
You worshipped Trog.
Trog was aware of your devotion.
You visited 1 branch of the dungeon, and saw 1 of its levels.

You collected 7 gold pieces.

Inventory:

Hand Weapons
 a - a +0 hand axe (weapon)
Scrolls
 b - a scroll of identify {unknown}


   Skills:
 + Level 3.3 Fighting
 + Level 3.0 Axes
 + Level 2.7 Dodging


You couldn't memorise any spells.
You didn't know any spells.
Your spell library was empty.

Dungeon Overview and Level Annotations

Branches:
Dungeon (1/15)

Altars:


Innate Abilities, Weirdness & Mutations

Your plain brown scales are hard. (AC +4)
You cannot fit into any form of body armour.
You are cold-blooded and may be slowed by cold attacks.


Message History

You open the door.
There is an open door here.
There is an open door here.
You open the door.
There is a staircase leading out of the dungeon here.
Found a gold piece.
You open the door.
There is an open door here.
You now have 4 gold pieces (gained 1).
There is a fountain of clear blue water here.
You now have 5 gold pieces (gained 1).
There is an open door here.
You open the door.
There is an open door here.
A kobold comes into view. It is wielding a +0 dagger.
Found a scroll labelled COURIG GAJABI.
The kobold shouts!
The kobold hits you with a +0 dagger.
You hit the kobold.
You kill the kobold!
Trog accepts your kill.
Things that are here:
a +0 dagger; 4 stones; a kobold corpse
b - a scroll labelled COURIG GAJABI A rat comes into view.
Found 2 gold pieces.
The rat bites you but does no damage.
You barely miss the rat.
Your tail-slap misses the rat.
The rat misses you.
You hit the rat.
You kill the rat!
Trog accepts your kill.
You now have 7 gold pieces (gained 2).
Found 7 gold pieces.
Welcome back, Hades the Draconian Berserker.
Trog says: Kill them all!
Press ? for a list of commands and other information.
Welcome back, Hades the Draconian Berserker.
Trog says: Kill them all!
Press ? for a list of commands and other information.
Are you sure you want to abandon this character and quit the game? (Confirm with "yes".)

#........'8.8'...
#$
############'#####
#.. #.# #.#..# #..#
#.# #...## ...# #.#
#.#### ..##.#
#.##.##
#.#.#######.....###
#........(........
##@#########...###
##.# #..# ## ..# ##


There were no monsters in sight!

Vanquished Creatures
  A kobold (D:1)
  A rat (D:1)
2 creatures vanquished.

Notes
Turn   | Place    | Note
-------+----------+-------------------------------------------
     0 | D:1      | Hades the Draconian Berserker began the quest for the Orb.
     0 | D:1      | Reached XP level 1. HP: 19/19 MP: 1/1
   117 | D:1      | Upgraded the game from 0.30-a0-49-g1cef19eb02 to
                  | 0.30-a0-137-gd8773701ce
   117 | D:1      | Upgraded the game from 0.30-a0-137-gd8773701ce to
                  | 0.30-a0-937-ga0a21ad780
   117 | D:1      | Quit the game

Illustrated notes

Levels and vault maps discovered:
D:1:      giann_wishing_wells, layout_loops_corners, corexii_hall_statues_l,
          minmay_3d_cube

Action                     || total
---------------------------++-------
  Melee: Hand axe          ||     3
 Armour: Skin              ||     1
  Dodge: Dodged            ||     1

Table legend: (Time is in decaauts)
 A = Elapsed time spent in this place.
 B = Non-inter-level travel time spent in this place.
 C = Inter-level travel time spent in this place.
 D = Time resting spent in this place.
 E = Time spent auto-exploring this place.
 F = Levels seen in this place.
 G = Mean time per level.
                   A        B        C        D        E       F      G
               +--------+--------+--------+--------+--------+-----+--------+
         Total |    117 |    117 |      0 |      0 |      0 |   1 |  117.0 |
       Dungeon |    117 |    117 |      0 |      0 |      0 |   1 |  117.0 |
               +--------+--------+--------+--------+--------+-----+--------+

Top non-repeatable levels by time:
     D:1: 117 daAuts
